 Dungeon Crawl Stone Soup version 0.19-a0-996-g3cba913 (webtiles) character file.

195908 Musica the Sniper (level 17, -7/158 HPs)
             Began as a Minotaur Berserker on July 17, 2016.
             Was the Champion of Trog.
             Killed from afar by an Ice Fiend (66 damage)
             ... with a bolt of cold
             ... summoned by a deep elf demonologist
             ... on level 1 of the Elven Halls.
             The game lasted 02:33:23 (25743 turns).

Musica the Sniper (Minotaur Berserker)             Turns: 25743, Time: 02:33:24

Health: -7/158     AC: 30    Str: 35    XL:     17   Next: 72%
Magic:  16/16      EV: 11    Int:  4    God:    Trog [******]
Gold:   1615       SH:  0    Dex: 21    Spells: 0 memorised, 16 levels left

rFire  + + .     SeeInvis +     b - +8 arbalest of Shrieking Terror {freeze, Str+4}
rCold  . . .     Gourm    .     n - +1 crystal plate armour of Eckioro {rElec rPois rF++ Regen+}
rNeg   . . .     Faith    +     (shield currently unavailable)
rPois  +         Spirit   .     (helmet unavailable)
rElec  +         Dismiss  .     R - +2 cloak
rCorr  .         Reflect  .     (no gloves)
SustAt .         Harm     .     l - +2 pair of boots
MR     +++..                    X - amulet "Kaen" {Faith Str+8}
Stlth  ..........               D - ring of see invisible
                                p - +5 ring of dexterity

@: regenerating, extremely resistant to hostile enchantments, extremely
unstealthy
A: retaliatory headbutt, beak, horns 3, icy blue scales 1, yellow scales 1,
shaggy fur 1
a: Berserk, Trog's Hand, Brothers in Arms, Burn Spellbooks, Renounce Religion
}: 1/15 runes: serpentine


You were on level 1 of the Elven Halls.
You worshipped Trog.
Trog was exalted by your worship.
You were very hungry.

You visited 5 branches of the dungeon, and saw 25 of its levels.
You also visited: Ice Cave.

You collected 2836 gold pieces.
You spent 1221 gold pieces at shops.

Inventory:

Hand Weapons
 a - a +8 long sword of electrocution
 b - the +8 arbalest of Shrieking Terror (weapon) {freeze, Str+4}
   (You found it on level 8 of the Dungeon)

   It causes projectiles fired from it to freeze those they strike, causing
   extra injury to most foes and up to half again as much damage against
   particularly susceptible opponents.
   They can also slow down cold-blooded creatures.
   It affects your strength (+4).
 g - a +3 triple sword of freezing
 A - a +1 antimagic demon blade
 C - a +2 scimitar of flaming
Missiles
 Q - 617 bolts (quivered)
Armour
 k - a +1 plate armour of cold resistance
 l - a +2 pair of boots (worn)
 m - a +1 large shield of reflection
 n - the +1 crystal plate armour of Eckioro (worn) {rElec rPois rF++ Regen+}
   (You found it on level 6 of the Lair of Beasts)

   It greatly protects you from fire.
   It insulates you from electricity.
   It protects you from poison.
   It increases your rate of regeneration.
 q - the +3 hat of Pondering {ponderous, MR+ MP+10 Int+5}
   (You took it off Gastronok on level 9 of the Dungeon)

   It affects your intelligence (+5).
   It affects your resistance to hostile enchantments.
   It affects your magic capacity (+10).
 R - a +2 cloak (worn)
Jewellery
 p - a +5 ring of dexterity (left hand)
 w - the amulet "Hoavays" {Spirit rF+ rC+ Str+3}
   (You acquired it on level 1 of the Snake Pit)

   [amulet of guardian spirit]

   It causes incoming damage to be split between your health and magic.
   It affects your strength (+3).
   It protects you from fire.
   It protects you from cold.
 x - a +2 ring of strength
 y - an uncursed ring of sustain attributes
 D - a ring of see invisible (right hand)
 E - an uncursed ring of poison resistance
 J - an uncursed ring of protection from fire
 P - a +3 ring of slaying
 X - the amulet "Kaen" (around neck) {Faith Str+8}
   (You found it on level 6 of the Lair of Beasts)

   [amulet of faith]

   It allows you to gain divine favour quickly.
   It affects your strength (+8).
Wands
 h - a wand of teleportation (6/9)
 u - a wand of random effects (5/48)
 I - a wand of acid (14/15)
 L - a wand of iceblast (13/15)
 N - a wand of paralysis (9/24)
 O - a wand of random effects (27/48)
 U - a wand of flame (26/48)
 V - a wand of flame (13/48)
 W - a wand of digging (0/24)
 Y - a wand of lightning (4/15)
Scrolls
 d - 2 scrolls of fog
 f - 9 scrolls of teleportation
 i - 4 scrolls of magic mapping
 r - 5 scrolls of identify
 F - 11 scrolls of remove curse
 M - 2 scrolls of fear
Potions
 e - 7 potions of curing
 j - 3 potions of invisibility
 o - 4 potions of agility
 s - 5 potions of might
 t - 4 potions of haste
 z - 2 potions of lignification
 B - 2 potions of heal wounds
 Z - a potion of flight
Miscellaneous
 H - a lamp of fire
Comestibles
 c - 9 bread rations
 v - 3 chunks of flesh
 G - a meat ration
 S - 22 fruits


   Skills:
 + Level 16.0 Fighting
 + Level 17.4 Long Blades
   Level 9.7 Bows
 + Level 22.4 Crossbows
 - Level 7.2 Armour
 - Level 7.1 Dodging
 + Level 1.0 Evocations


You had 16 spell levels left.
You didn't know any spells.

Dungeon Overview and Level Annotations

Branches:
Dungeon (11/15)            Temple (0/1) D:6            Lair (6/6) D:10
  Swamp (0/4) Lair:2        Snake (4/4) Lair:2        Slime (0/5) Lair:6
    Orc (2/2) D:9             Elf (2/3) Orc:2

Altars:
Cheibriados
Dithmenos
Elyvilon
Hepliaklqana
Nemelex Xobeh
Okawaru
Qazlal
Ru
Vehumet
Yredelemnul
The Shining One
Beogh

Shops:
D:4 =   Orc:2 }!??   Snake:1 (   Snake:3 [   Snake:4 !


Innate Abilities, Weirdness & Mutations

You reflexively headbutt those who attack you in melee.
You have a pair of large horns on your head.
You have a beak for a mouth.
You are partially covered in icy blue scales. (AC +1)
You are partially covered in yellow scales. (AC +2)
You are covered in fur. (AC +1)


Message History

Something unseen opens the door.
A deep elf mage opens the door.
The long sword of holy wrath hits you but does no damage.
A deep elf demonologist opens the door.
The Ice Fiend gestures at you.
The bolt of cold hits the long sword of holy wrath.
The long sword of holy wrath resists.
The bolt of cold hits you!
Your troll goes berserk!
You feel somewhat more hungry.
A deep elf blademaster opens the door.
The long sword of holy wrath hits you but does no damage.
A sixfirhy opens the door.
The broad axe of flaming hits your hill giant!!
The broad axe of flaming burns your hill giant.
The deep elf mage gestures wildly while chanting.
The deep elf mage blinks!
The deep elf demonologist mumbles some strange words.
Your hill giant hits the Ice Fiend with a giant spiked club!!
The Ice Fiend gestures at you.
The bolt of cold hits the long sword of holy wrath.
The long sword of holy wrath resists.
The bolt of cold hits you!
You die...

#...# #...# #...# ######
#...# #....######## #.###
#.''''''''''# #.### #.'
++'e'''# #...# #.'
++e'2e(C###########.#.#
#.'
+...14e1(@.T(.......#.####
#.'
+.ee(3ee###########.#.....
#.' '2(e.ee'# #.#..... #.'
+.e..'+'# #.#..... #.'


++'e+ +'# #.#..... #.' + +'# #.#..... #.' '''''# #....... #.# #.#.## #.######
#.# #...# #......# You could see a deep elf blademaster, a Brimstone Fiend, an
Ice Fiend, a deep elf master archer, a deep elf death mage, 2 deep elf
sorcerers, a sun demon, 3 deep elf demonologists, 2 deep elf archers, a deep elf
high priest, 2 deep elf magi, a sixfirhy, a tormentor, 3 dancing weapons, a
friendly hill giant (berserk) and a friendly troll (berserk).

Vanquished Creatures
  Vashnia (Snake:4)
  Asterion (Snake:1)
  Agnes (Snake:1)
  Gastronok (D:9)
  Donald (Orc:2)
  7 greater nagas
  Roxanne (Elf:1)
  Louise (Snake:4)
  Aizul (Snake:1)
  Erolcha (Orc:2)
  20 naga warriors
  6 hydras
  24 anacondas
  Fannar (D:11)
  Erica (D:8)
  3 catoblepae (Lair:6)
  3 dancing weapons
  16 death yaks (Lair:6)
  13 naga sharpshooters
  9 shock serpents
  4 deep elf knights (Elf:1)
  3 salamander mystics
  A hill giant (D:10)
  11 naga ritualists
  4 orc knights (Orc:2)
  Pikel (D:8)
  A deep elf archer (Elf:1)
  A wolf spider zombie (D:10)
  12 deep elf magi (Elf:1)
  A necromancer (Lair:5)
  An orc sorcerer (Orc:1)
  19 mana vipers
  2 ugly things (IceCv)
  9 salamanders
  8 hornets (D:9)
  3 griffons
  12 elephants
  6 guardian serpents
  3 ice statues (IceCv)
  51 black mambas
  22 naga magi
  8 spiny frogs
  Maurice (D:8)
  A torpor snail (Lair:2)
  Psyche (D:8)
  A gargoyle (D:9)
  2 komodo dragons
  2 trolls
  Prince Ribbit (D:5)
  5 blink frogs (Lair:2)
  A slime creature (Lair:6)
  An air elemental (Elf:1)
  Sigmund (D:3)
  A vampire (D:10)
  35 yaks
  4 wraiths (D:8)
  3 fire elementals (Elf:1)
  Grum (D:8)
  4 hippogriffs
  A warg (Orc:2)
  74 nagas
  Duvessa (D:4)
  22 water moccasins
  6 porcupines
  A black bear (D:8)
  8 ice beasts
  An elephant zombie (Lair:5)
  3 sky beasts
  8 ogres
  45 orc warriors
  An eye of draining (D:8)
  2 phantoms (D:4)
  14 wolves
  A necrophage (D:8)
  13 centaurs
  12 crocodiles
  2 big kobolds (D:8)
  An earth elemental (Elf:1)
  17 giant frogs
  A gnoll sergeant (D:6)
  2 scorpions
  Dowan (D:4)
  12 wights
  5 electric eels
  A howler monkey (D:10)
  6 crimson imps
  2 basilisk zombies (Lair:5)
  3 giant frog zombies
  A giant frog skeleton (D:5)
  2 hounds
  3 jellies (Lair:6)
  A gnoll shaman (Orc:2)
  14 orc priests
  A centaur skeleton (D:11)
  4 iguanas
  20 orc wizards
  10 worker ants
  A killer bee zombie (D:5)
  18 sheep
  A crocodile zombie (Lair:5)
  14 gnolls
  25 adders
  12 river rats
  3 shadow imps (D:5)
  4 oozes
  An adder skeleton (D:7)
  An adder zombie (D:5)
  3 dart slugs
  5 worms
  7 giant geckos
  80 orcs
  4 ball pythons (Snake:3)
  5 giant cockroaches
  5 goblins
  7 hobgoblins
  22 jackals
  3 quokkas
  8 bats
  2 giant gecko skeletons
  7 giant newts
  10 kobolds
  A quokka skeleton (D:7)
  8 rats
  A plant (Lair:2)
940 creatures vanquished.

Vanquished Creatures (collateral kills)
  4 hornets (D:9)
  2 worms (D:9)
6 creatures vanquished.

Vanquished Creatures (others)
  2 slaves (D:8)
  An adder skeleton (D:8)
  5 orcs
  A fungus (Lair:3)
  A plant (Lair:6)
10 creatures vanquished.

Grand Total: 956 creatures vanquished

Notes
Turn   | Place    | Note
-------+----------+-------------------------------------------
     0 | D:1      | Musica the Minotaur Berserker began the quest for the Orb.
     0 | D:1      | Reached XP level 1. HP: 19/19 MP: 0/0
    33 | D:1      | Reached XP level 2. HP: 22/27 MP: 1/1
   356 | D:1      | Reached ** piety under Trog
   414 | D:1      | Reached XP level 3. HP: 32/33 MP: 2/2
   636 | D:2      | Reached skill level 5 in Long Blades
   670 | D:2      | Reached XP level 4. HP: 23/41 MP: 3/3
   697 | D:2      | Found a snail-covered altar of Cheibriados.
  1135 | D:3      | Noticed Sigmund
  1138 | D:3      | Killed Sigmund
  1138 | D:3      | Reached XP level 5. HP: 50/50 MP: 4/4
  1417 | D:3      | Reached *** piety under Trog
  1537 | D:3      | Found a glowing golden altar of the Shining One.
  1539 | D:3      | Found a stormy altar of Qazlal.
  1540 | D:3      | Found a shadowy altar of Dithmenos.
  1540 | D:3      | Found a sparkling altar of Nemelex Xobeh.
  1542 | D:3      | Found a sacrificial altar of Ru.
  1630 | D:3      | Reached XP level 6. HP: 56/57 MP: 5/5
  2073 | D:4      | Noticed Dowan
  2078 | D:4      | Killed Dowan
  2081 | D:4      | Noticed Duvessa
  2085 | D:4      | Killed Duvessa
  2138 | D:5      | Entered Level 5 of the Dungeon
  2227 | D:4      | Reached XP level 7. HP: 58/66 MP: 6/6
  2822 | D:4      | Gained mutation: Your spells are a little easier to cast, but a little less powerful. [potion of mutation]
  2822 | D:4      | Gained mutation: You are partially covered in yellow scales. (AC +2) [potion of mutation]
  2822 | D:4      | Gained mutation: Your spells are easier to cast, but less powerful. [potion of mutation]
  3170 | D:4      | Reached **** piety under Trog
  3250 | D:4      | Found Nomitug's Jewellery Shop.
  3262 | D:4      | Bought a +2 ring of strength for 75 gold pieces
  3473 | D:5      | Noticed Prince Ribbit
  3480 | D:5      | Killed Prince Ribbit
  3480 | D:5      | Reached XP level 8. HP: 78/78 MP: 7/7
  3587 | D:5      | Gained mutation: You are covered in fur. (AC +1) [mutagenic meat]
  4014 | D:5      | Reached skill level 1 in Bows
  4255 | D:6      | Reached skill level 10 in Long Blades
  4304 | D:6      | Reached skill level 10 in Fighting
  4428 | D:6      | Reached XP level 9. HP: 58/85 MP: 8/8
  4473 | D:6      | Found a staircase to the Ecumenical Temple.
  4596 | D:6      | Found a hazy altar of Hepliaklqana.
  4798 | D:6      | Received a gift from Trog
  5083 | D:6      | Reached skill level 5 in Bows
  5706 | D:7      | Reached ***** piety under Trog
  5927 | D:8      | Noticed Pikel
  6328 | D:7      | You fall through a shaft for 3 floors!
  6328 | D:10     | Entered Level 10 of the Dungeon
  6390 | D:10     | Gained mutation: You expend magic power (3 MP) to strengthen your wands. [mutagenic meat]
  6559 | D:8      | Reached XP level 10. HP: 95/95 MP: 9/9
  6588 | D:8      | Received a gift from Trog
  7005 | D:8      | Found a radiant altar of Vehumet.
  7005 | D:8      | Noticed Psyche
  7006 | D:8      | Noticed Erica
  7114 | D:9      | Found a staircase to the Orcish Mines.
  7114 | D:9      | Noticed a gargoyle
  7185 | D:8      | Killed Erica
  7242 | D:8      | Noticed Maurice
  7248 | D:8      | Killed Pikel
  7259 | D:8      | Killed Maurice
  7275 | D:8      | Found an iron altar of Okawaru.
  7281 | D:8      | Received a gift from Trog
  7308 | D:8      | Noticed Grum
  7314 | D:8      | Killed Grum
  7388 | D:8      | Killed Psyche
  7440 | D:8      | Got a twisted chain mail
  7441 | D:8      | Identified the +1 chain mail "Want" {Str+3} (You found it on level 8 of the Dungeon)
  7471 | D:8      | Got a faintly glowing arbalest
  7472 | D:8      | Identified the +8 arbalest of Shrieking Terror {freeze, Str+4} (You found it on level 8 of the Dungeon)
  7716 | D:8      | Found a basalt altar of Yredelemnul.
  7956 | D:8      | Found a white marble altar of Elyvilon.
  8019 | D:9      | Killed a gargoyle
  8019 | D:9      | Reached XP level 11. HP: 47/103 MP: 10/10
  8110 | D:9      | Gained mutation: You are partially covered in icy blue scales. (AC +1) [potion of beneficial mutation]
  8172 | Orc:1    | Entered Level 1 of the Orcish Mines
  8172 | Orc:1    | Noticed an orc sorcerer
  8174 | Orc:1    | Killed an orc sorcerer
  8174 | Orc:1    | Reached skill level 1 in Crossbows
  8217 | Orc:1    | Received a gift from Trog
  8458 | Orc:2    | Entered Level 2 of the Orcish Mines
  8461 | Orc:2    | Noticed Donald
  8474 | Orc:2    | HP: 1/156 [Donald/eveningstar of holy wrath (19)]
  8476 | Orc:2    | Killed Donald
  8476 | Orc:2    | Reached skill level 3 in Crossbows
  8632 | Orc:2    | Reached skill level 4 in Crossbows
  8686 | Orc:2    | Found a roughly hewn altar of Beogh.
  8695 | Orc:2    | Noticed Erolcha
  8707 | Orc:2    | Killed Erolcha
  8710 | Orc:2    | Received a gift from Trog
  8813 | Orc:2    | Reached skill level 5 in Crossbows
  8886 | Orc:2    | Received a gift from Trog
  9091 | Orc:2    | Reached skill level 6 in Crossbows
  9601 | Orc:2    | Reached skill level 7 in Crossbows
  9703 | Orc:2    | Noticed an orc knight
  9708 | Orc:2    | Killed an orc knight
  9708 | Orc:2    | Received a gift from Trog
  9762 | Orc:2    | Found Gepreusm's Distillery.
  9762 | Orc:2    | Found Moruup's Magic Scroll Shoppe.
  9770 | Orc:2    | Found Piere's Magic Scroll Emporium.
  9772 | Orc:2    | Found Qiotue's Gadget Boutique.
  9782 | Orc:2    | Bought a scroll of enchant weapon for 120 gold pieces
  9791 | Orc:2    | Gained mutation: You have an increased reservoir of magic. (+10% MP) [potion of mutation]
  9791 | Orc:2    | Lost mutation: You expend magic power (3 MP) to strengthen your wands. [potion of mutation]
  9868 | Orc:2    | Reached skill level 8 in Crossbows
  9886 | Orc:2    | Noticed an orc knight
  9896 | Orc:2    | Received a gift from Trog
  9915 | Orc:2    | Killed an orc knight
  9915 | Orc:2    | Reached XP level 12. HP: 20/113 MP: 12/12
 10230 | Orc:2    | Found a staircase to the Elven Halls.
 10237 | Orc:2    | Reached skill level 9 in Crossbows
 10477 | Orc:1    | Reached ****** piety under Trog
 10493 | Orc:1    | Received a gift from Trog
 10674 | Elf:1    | Entered Level 1 of the Elven Halls
 10693 | Orc:2    | Reached skill level 10 in Crossbows
 10781 | Orc:2    | Received a gift from Trog
 10829 | D:9      | Noticed Gastronok
 10842 | D:9      | Killed Gastronok
 11424 | D:10     | Found a staircase to the Lair.
 11627 | D:11     | Noticed Fannar
 11627 | D:11     | Noticed a four-headed hydra
 11936 | Lair:1   | Entered Level 1 of the Lair of Beasts
 12725 | Lair:1   | Received a gift from Trog
 12795 | Lair:2   | Reached skill level 11 in Crossbows
 12801 | Lair:2   | Reached skill level 15 in Long Blades
 12809 | Lair:2   | Found a staircase to the Swamp.
 12823 | Lair:2   | Found a staircase to the Snake Pit.
 12892 | Lair:2   | Received a gift from Trog
 12906 | Lair:2   | Reached XP level 13. HP: 104/122 MP: 13/13
 12962 | Lair:2   | Reached skill level 5 in Dodging
 12969 | Lair:2   | Received a gift from Trog
 13140 | Lair:2   | Got an encrusted rapier
 13141 | Lair:2   | Identified the +5 rapier of Voogyem {pierce, rElec Dex+5} (You found it on level 2 of the Lair of Beasts)
 13168 | Lair:2   | Received a gift from Trog
 13410 | Lair:3   | Found a frozen archway.
 13431 | IceCv    | Entered an ice cave
 13906 | IceCv    | Gained mutation: You are frail. (-10% HP) [mutagenic meat]
 13909 | IceCv    | Gained mutation: You expend magic power (3 MP) to strengthen your wands. [mutagenic meat]
 13995 | Lair:3   | Received a gift from Trog
 14162 | Lair:3   | Reached skill level 12 in Crossbows
 14761 | D:11     | Killed Fannar
 14870 | D:9      | Paralysed by a hornet for 3 turns
 15625 | Lair:3   | Received a gift from Trog
 16215 | Lair:4   | Received a gift from Trog
 16650 | Lair:5   | Reached skill level 13 in Crossbows
 16662 | Lair:5   | Reached skill level 5 in Armour
 16662 | Lair:5   | Reached XP level 14. HP: 118/118 MP: 14/14
 17087 | Lair:6   | Entered Level 6 of the Lair of Beasts
 17454 | Lair:6   | Found a staircase to the Slime Pits.
 17592 | Lair:6   | Received a gift from Trog
 18157 | Lair:6   | Reached skill level 14 in Crossbows
 18391 | Lair:6   | Received a gift from Trog
 18469 | Lair:6   | Got a faintly glowing graven amulet
 18470 | Lair:6   | Identified the amulet "Kaen" {Faith Str+8} (You found it on level 6 of the Lair of Beasts)
 18479 | Lair:6   | Got a slimy crystal plate armour
 18490 | Lair:6   | Identified the +1 crystal plate armour of Eckioro {rElec rPois rF++ Regen+} (You found it on level 6 of the Lair of Beasts)
 18999 | Snake:1  | Entered Level 1 of the Snake Pit
 19018 | Snake:1  | Received a gift from Trog
 19029 | Snake:1  | Reached skill level 15 in Crossbows
 19304 | Snake:1  | Noticed Asterion
 19311 | Snake:1  | Reached XP level 15. HP: 83/125 MP: 16/16
 19326 | Snake:1  | Killed Asterion
 19326 | Snake:1  | Reached skill level 15 in Fighting
 19373 | Snake:1  | Received a gift from Trog
 19771 | Snake:1  | Noticed Aizul
 19776 | Snake:1  | Killed Aizul
 19830 | Snake:1  | Reached skill level 16 in Crossbows
 19836 | Snake:1  | Received a gift from Trog
 19939 | Snake:1  | Found Riucs's Antique Weapon Shop.
 19993 | Snake:1  | Noticed a greater naga
 19996 | Snake:1  | Killed a greater naga
 20028 | Snake:1  | Noticed Agnes
 20032 | Snake:1  | Killed Agnes
 20032 | Snake:1  | Received a gift from Trog
 20222 | Snake:1  | Identified a scroll of acquirement
 20223 | Snake:1  | Got a vibrating jade amulet
 20225 | Snake:1  | Identified the amulet "Hoavays" {Spirit rF+ rC+ Str+3} (You acquired it on level 1 of the Snake Pit)
 20468 | Snake:2  | Reached skill level 17 in Crossbows
 20474 | Snake:2  | Received a gift from Trog
 21083 | Snake:2  | Received a gift from Trog
 21109 | Snake:2  | Gained mutation: You occasionally shout uncontrollably at your foes. [mutagenic meat]
 21112 | Snake:2  | Gained mutation: You have sharp toenails. [mutagenic meat]
 21118 | Snake:2  | Lost mutation: You are frail. (-10% HP) [mutagenic meat]
 21238 | Snake:2  | Reached skill level 18 in Crossbows
 21249 | Snake:2  | Reached XP level 16. HP: 149/149 MP: 17/17
 22088 | Snake:3  | Received a gift from Trog
 22123 | Snake:3  | Found Syitag's Armour Shop.
 22198 | Snake:3  | Reached skill level 19 in Crossbows
 22211 | Snake:3  | Received a gift from Trog
 22398 | Snake:3  | Received a gift from Trog
 22486 | Snake:4  | Entered Level 4 of the Snake Pit
 22826 | Snake:4  | Noticed Louise
 22830 | Snake:3  | Reached skill level 20 in Crossbows
 22845 | Snake:4  | Killed Louise
 23347 | Snake:4  | Received a gift from Trog
 23406 | Snake:4  | Received a gift from Trog
 23446 | Snake:4  | Received a gift from Trog
 23488 | Snake:4  | Lost mutation: You occasionally shout uncontrollably at your foes. [mutagenic meat]
 23491 | Snake:4  | Gained mutation: You have a beak for a mouth. [mutagenic meat]
 23494 | Snake:4  | Gained mutation: You have a pair of large horns on your head. [mutagenic meat]
 23497 | Snake:4  | Lost mutation: You have an increased reservoir of magic. (+10% MP) [mutagenic meat]
 23536 | Snake:4  | Reached skill level 1 in Evocations
 23540 | Snake:4  | Reached XP level 17. HP: 110/158 MP: 12/16
 23572 | Snake:4  | Noticed Vashnia
 23596 | Snake:4  | Killed Vashnia
 23725 | Snake:4  | Reached skill level 21 in Crossbows
 23759 | Snake:4  | Found Fotha's Distillery.
 23767 | Snake:4  | Bought a potion of might for 76 gold pieces
 23767 | Snake:4  | Bought a potion of cure mutation for 475 gold pieces
 23770 | Snake:4  | Lost mutation: Your spells are easier to cast, but less powerful. [potion of cure mutation]
 23770 | Snake:4  | Lost mutation: You expend magic power (3 MP) to strengthen your wands. [potion of cure mutation]
 23770 | Snake:4  | Lost mutation: Your spells are a little easier to cast, but a little less powerful. [potion of cure mutation]
 23770 | Snake:4  | Lost mutation: You have sharp toenails. [potion of cure mutation]
 23772 | Snake:4  | Bought a potion of haste for 190 gold pieces
 23772 | Snake:4  | Bought a potion of curing for 57 gold pieces
 23772 | Snake:4  | Bought a potion of heal wounds for 95 gold pieces
 23772 | Snake:4  | Bought a potion of agility for 76 gold pieces
 23772 | Snake:4  | Bought a potion of curing for 57 gold pieces
 23988 | Snake:4  | Received a gift from Trog
 24100 | Snake:4  | Received a gift from Trog
 24261 | Snake:4  | Got a serpentine rune of Zot
 24315 | Snake:4  | Received a gift from Trog
 24653 | Elf:1    | Reached skill level 22 in Crossbows
 24661 | Elf:1    | Received a gift from Trog
 24663 | Elf:1    | Got a twisted quick blade {god gift}
 24664 | Elf:1    | Lost intelligence.
 24664 | Elf:1    | Identified the +6 quick blade "Newtbane" {holy, rF+ MR+ Str+4 Int-5} (Trog gifted it to you on level 1 of the Elven Halls)
 25138 | Elf:1    | Noticed Roxanne
 25155 | Elf:1    | Killed Roxanne
 25410 | Elf:1    | Found a huge runed gate.
 25410 | Elf:1    | Found a huge runed gate.
 25410 | Elf:1    | Found a huge runed gate.
 25427 | Elf:1    | Found a radiant altar of Vehumet.
 25625 | Elf:1    | Found a huge runed gate.
 25625 | Elf:1    | Found a huge runed gate.
 25626 | Elf:1    | Found a huge runed gate.
 25627 | Elf:1    | Found a huge runed gate.
 25627 | Elf:1    | Found a huge runed gate.
 25641 | Elf:1    | Found a huge runed gate.
 25641 | Elf:1    | Found a huge runed gate.
 25642 | Elf:1    | Found a huge runed gate.
 25643 | Elf:1    | Found a huge runed gate.
 25644 | Elf:1    | Found a huge runed gate.
 25645 | Elf:1    | Found a huge runed gate.
 25646 | Elf:1    | Found a huge runed gate.
 25647 | Elf:1    | Found a huge runed gate.
 25648 | Elf:1    | Found a huge runed gate.
 25649 | Elf:1    | Found a huge runed gate.
 25657 | Elf:1    | Found a huge runed gate.
 25657 | Elf:1    | Found a huge runed gate.
 25657 | Elf:1    | Found a huge runed gate.
 25738 | Elf:1    | Noticed a deep elf master archer
 25740 | Elf:1    | Noticed a deep elf blademaster
 25741 | Elf:1    | Noticed an Ice Fiend
 25743 | Elf:1    | Killed from afar by an Ice Fiend

Vault maps used:
D:1:      lightli_arrival_noodles
D:2:      old_standard_altar
D:3:      grunt_temple_overflow_open, serial_aquarium,
          aquarium_bridge_island_small, aquarium_window_2, aquarium_window_1,
          aquarium_view_2c, uniq_sigmund
D:4:      serial_shops, nicolae_shop_stone, uniq_duvessa
D:5:      first_bread, uniq_prince_ribbit1
D:6:      lemuel_round_altar, item_on_display_a
D:7:      solitary_fountain
D:8:      kennysheep_ying_yang, okawaru_ov_weapons_minmay,
          overflow_temple_1_default, blue_anna_alchemist,
          minmay_guarded_unrand_finisher, uniq_pikel, uniq_psyche, uniq_maurice,
          uniq_grum, uniq_erica
D:9:      orc_0_dummy, hive_lemuel, uniq_gastronok
D:10:     david_lair_generic, serial_park_tiny_pond
D:11:     minmay_cornered_nines, uniq_fannar, uniq_harold
Lair:2:   swamp_mist, minmay_snake_entry_six_corridors, special_room,
          beast_lair_carwin_5
Lair:3:   portal_ice_cave_entry_pillars_1, nicolae_quartered_pool_super,
          serial_bayou_shore_b, lemuel_fruit_fields
Lair:5:   pond_and_an_island_with_a_cottage
Lair:6:   evilmike_catoblepas_cave, minmay_slime_entry_pillars
Snake:1:  serial_shops, nicolae_shop_statue_plus, grunt_megastairs_4,
          uniq_asterion, uniq_agnes, uniq_aizul
Snake:2:  nicolae_snake_nest, nicolae_coiled_stairwell_down
Snake:3:  minmay_snake_river, serial_shops, shop
Snake:4:  minmay_snake_end_coiled, serial_shops, shop, uniq_louise, uniq_vashnia
Orc:2:    st_orc_rangers, basic_altar, uniq_donald, uniq_erolcha
Elf:1:    elf_arrival_002, basic_altar, serial_co_window_serial,
          co_window_paths_b, co_window_paths_b, co_window_paths_a,
          co_window_of_opportunity_a, co_window_cross_1, co_window_paths_a,
          co_window_paths_a, co_window_corner_b, co_window_unsneaky_path_e,
          co_window_broadway_c, co_window_4corner_b, glass_columns_b,
          glass_columns_b, glass_columns_a, glass_columns_a, door_vault,
          uniq_roxanne
Elf:2:    enter_trove_0, uniq_nikola
IceCv:    ice_cave_statue_garden_chambered

Skill      XL: |  1  2  3  4  5  6  7  8  9 10 11 12 13 14 15 16 17 |
---------------+----------------------------------------------------+-----
Long Blades    | 4 5 6 7 9 10 11 12 13 15 16 17 | 17.4
Fighting       | 4 6 7 9 10 11 12 13 14 15 16 | 16.0
Bows           | 3 7 9 |  9.7
Crossbows      | 8 11 13 15 18 20 22 | 22.4
Dodging        | 4 6 7 |  7.1
Armour         | 5 7 |  7.2
Evocations     | 1 |  1.0

Action                   |  1- 3 |  4- 6 |  7- 9 | 10-12 | 13-15 | 16-18 || total
-------------------------+-------+-------+-------+-------+-------+-------++-------
Melee: Falchion          |    93 |    92 |   182 |       |       |       ||   367
       Headbutt          |    15 |    14 |    66 |   107 |   161 |     3 ||   366
       Great sword       |       |       |    66 |       |       |       ||    66
       Scimitar          |       |       |    54 |   189 |    77 |       ||   320
       Long sword        |       |       |       |   200 |   354 |    26 ||   580
       Peck              |       |       |       |       |       |     6 ||     6
 Fire: Shortbow          |       |       |   113 |    39 |       |       ||   152
       Arbalest          |       |       |       |   167 |   434 |   551 ||  1152
       Triple crossbow   |       |       |       |       |       |     9 ||     9
Throw: Tomahawk          |       |       |     2 |     3 |       |       ||     5
Invok: Berserk           |       |     2 |     6 |     8 |     8 |     1 ||    25
       Trog's Hand       |       |       |     1 |     9 |    13 |     4 ||    27
       Burn Spellbooks   |       |       |       |       |     4 |     1 ||     5
       Brothers in Arms  |       |       |       |       |     1 |     2 ||     3
Evoke: Wand              |       |       |       |     5 |     7 |     2 ||    14
  Use: Scroll            |       |     9 |     6 |    13 |    17 |     9 ||    54
       Potion            |       |       |     3 |    15 |     4 |     6 ||    28
 Stab: Sleeping          |     1 |     2 |       |     2 |       |       ||     5
       Distracted        |       |       |       |     2 |       |       ||     2
       Paralysed         |       |       |       |       |     3 |       ||     3
       Petrified         |       |       |       |       |     7 |       ||     7
  Eat: Chunk             |       |     6 |    19 |    24 |    23 |    16 ||    88
       Pizza             |       |       |     1 |     1 |     3 |       ||     5
       Bread ration      |       |       |     1 |       |       |       ||     1
       Beef jerky        |       |       |       |     1 |     2 |       ||     3
       Meat ration       |       |       |       |     1 |     1 |       ||     2
       Fruit             |       |       |       |       |    14 |     4 ||    18
       Royal jelly       |       |       |       |       |     1 |       ||     1
Armor: Animal skin       |    14 |     8 |       |       |       |       ||    22
       Scale mail        |       |    12 |    71 |       |       |       ||    83
       Plate armour      |       |       |    51 |    70 |   178 |       ||   299
       Chain mail        |       |       |       |     7 |       |       ||     7
       Steam dragon armo |       |       |       |    75 |    12 |       ||    87
       Crystal plate arm |       |       |       |       |   194 |   192 ||   386
Dodge: Dodged            |    58 |    44 |   116 |   166 |   255 |   101 ||   740
Block: Shield            |       |       |       |    13 |    21 |       ||    34
